 Dungeon Crawl Stone Soup version bcrawl-1.14 (webtiles) character file.

Game seed: 6908559256792703562

91711 cunnyseurTrue the Slicer (level 16, -5/114 HPs)
             Began as a Kobold Hunter on Sept 12, 2019.
             Was a High Priest of Okawaru.
             Engulfed by a cloud of freezing vapour (35 damage)
             ... in an ice cave.
             The game lasted 01:47:03 (28955 turns).

cunnyseurTrue the Slicer (Kobold Hunter)           Turns: 28955, Time: 01:47:03

Health: -5/114     AC: 28    Str: 14    XL:     16   Next: 51%
Magic:  25/25      EV: 34    Int: 16    God:    Okawaru [*****.]
Gold:   1840       SH: 12    Dex: 24    Spells: 15/15 levels left

rFire    + + +     SeeInvis .   b - +5 rapier of Gluttony {drain, rPois MR+ Int+2}
rCold    . . .     Gourm    .   N - +0 shield
rNeg     + . .     Faith    .   L - +6 pearl dragon scales (curse)
rPois    +         Spirit   .   V - +2 hat of the Desert {rElec rPois rF+++}
rElec    +         Reflect  .   p - +0 cloak of the Greedy {rF+ rCorr Int+2}
rCorr    +         Harm     .   X - +1 pair of gloves
MR       +++..                  W - +2 pair of boots {run}
Stlth    ++........             Q - amulet of the acrobat
HPRegen  0.29/turn              P - +5 ring of dexterity
MPRegen  0.19/turn              U - ring of protection from magic

@: acrobat, very slow
A: small, talons 1, carnivore, mutation resistance 1
a: Heroism, Finesse, Renounce Religion


You were in an ice cave.
You worshipped Okawaru.
Okawaru was extremely pleased with you.
You were not hungry.

You visited 4 branches of the dungeon, and saw 19 of its levels.
You also visited: Ice Cave.

You collected 2132 gold pieces.
You spent 292 gold pieces at shops.

Inventory:

Hand Weapons
 a - a +1 hunting sling
 b - the +5 rapier of Gluttony (weapon) {drain, rPois MR+ Int+2}
   (Okawaru gifted it to you on level 1 of the Lair of Beasts)

   A truly terrible weapon, it drains the life of those it strikes.
   It affects your intelligence (+2).
   It protects you from poison.
   It affects your resistance to hostile enchantments.
Missiles
 d - 1380 sling bullets
 i - 4544 stones (quivered)
 q - 2 throwing nets {!f}
Armour
 p - the +0 cloak of the Greedy (worn) {rF+ rCorr Int+2}
   (You found it on level 6 of the Lair of Beasts)

   It affects your intelligence (+2).
   It protects you from fire.
   It provides partial protection from all sources of acid and corrosion.
 L - cursed +6 pearl dragon scales (worn)
 N - a +0 shield (worn)
 O - a scarf of cloud immunity
 V - the +2 hat of the Desert (worn) {rElec rPois rF+++}
   (Okawaru gifted it to you on level 2 of the Lair of Beasts)

   It renders you almost immune to fire.
   It insulates you from electricity.
   It protects you from poison.
 W - a +2 pair of boots of running (worn)
 X - a +1 pair of gloves (worn)
Jewellery
 e - an uncursed ring of positive energy
 j - an uncursed ring of protection from fire
 m - an uncursed ring of insulation
 u - an uncursed amulet of regeneration
 M - an uncursed ring of poison resistance
 P - a +5 ring of dexterity (left hand)
 Q - an amulet of the acrobat (around neck)
 U - a ring of protection from magic (right hand)
Wands
 w - a wand of disintegration (31)
 G - a wand of acid (10)
 H - a wand of iceblast (12)
 I - a wand of enslavement (12)
 T - a wand of flame (29)
 Y - a wand of paralysis (12)
Scrolls
 h - 7 scrolls of remove curse
 k - 7 scrolls of fear {unknown}
 l - 4 scrolls of fog
 r - 7 scrolls of immolation
 v - 3 scrolls of enchant weapon {unknown}
 y - 5 scrolls of teleportation
 z - 3 scrolls of magic mapping
 A - 4 scrolls of amnesia {unknown}
 B - a scroll of vulnerability {unknown}
 C - a scroll of acquirement {unknown}
 F - a scroll of blinking
 R - 2 scrolls of brand weapon {unknown}
 Z - a scroll of identify
Potions
 c - 5 potions of flight
 g - 3 potions of berserk rage
 n - 2 potions of cancellation
 o - 8 potions of curing
 s - 5 potions of heal wounds
 t - 2 potions of haste
 x - 2 potions of might
 D - 5 potions of mutation {unknown}
 E - 3 potions of magic {unknown}
 J - a potion of lignification {unknown}
 S - 4 potions of brilliance {unknown}
Miscellaneous
 K - a phial of floods
Comestibles
 f - 39 rations {!d}


   Skills:
 - Level 12.0 Fighting
 - Level 14.0 Short Blades
 - Level 12.0 Slings
 - Level 8.0 Armour
 + Level 12.2 Dodging
 + Level 11.6 Stealth
 + Level 9.3 Shields
 - Level 10.0 Invocations
 - Level 12.0 Evocations


You had 15 spell levels left.
You didn't know any spells.
Your spell library contained the following spells:

 Spells                   Type           Power        Failure   Level  Hunger
 Magic Dart               Conj           #...         98%         1    ##.....
 Shock                    Conj/Air       #....        98%         1    ##.....
 Summon Scorpions         Summ/Pois      #.......     100%        4    #####..
 Lightning Bolt           Conj/Air       #.........   100%        5    ######.
 Summon Mana Viper        Hex/Summ       #.......     100%        5    ######.


Dungeon Overview and Level Annotations

Branches:
Dungeon (10/12)            Temple (0/1) D:6            Lair (6/6) D:8
  Swamp (0/3) Lair:2        Snake (0/3) Lair:2        Slime (0/5) Lair:5
    Orc (1/1) D:10            Elf (2/3) Orc

Altars:
Dithmenos
Kikubaaqudgha
Okawaru
Ru
Vehumet
Xom
Yredelemnul
Zin
Beogh
Jiyva

Shops:
D:9 (   Orc ?:(%?

Portals:
Pandemonium: Orc

Annotations:
D:9 exclusions: 4 doors and 1 more exclusion
Lair:1 2 transporters


Innate Abilities, Weirdness & Mutations

You are small and have problems with some larger weapons.
You have sharp toenails.
You are carnivorous and can eat meat at any time.
You are somewhat resistant to further mutation.


Message History

You see here an iridescent mace.
Okay, then.
You start resting.
You are engulfed in freezing vapours.
* * * LOW HITPOINT WARNING * * *
You feel much better.
You are engulfed in freezing vapours.
* * * LOW HITPOINT WARNING * * *
Evoke which item? (* to show all) (? for menu, Esc to quit)
Okay, then.
You are engulfed in freezing vapours.
* * * LOW HITPOINT WARNING * * *
You are engulfed in freezing vapours.
* * * LOW HITPOINT WARNING * * *
You see here 113 arrows.
You feel much better.
You are engulfed in freezing vapours.
* * * LOW HITPOINT WARNING * * *
You enter the shallow water.
Moving in this stuff is going to be slow.
You are engulfed in freezing vapours.
You die...

###....#..##
#...##
###...#°.#.##
##...#
###...####..##
##... ###...###
###### #..#
#○°.### ###☼§☼§#
#..# ##..#
#§§☼###§.# ##..
###.### #☼###
§☼.# ##.
#§.#########...#
§## ##
##§..##○°☼@....#
○Z
#§§###§§§°...##
Z#
###§§##§§○§§## .
###°.☼#####
#####


There were no monsters in sight!

Vanquished Creatures
  Kirke (Lair:6)
  A deep elf sorcerer (Elf:1)
  A deep elf annihilator (Elf:1)
  Nessos (Orc)
  2 deep elf death magi (Elf:1)
  A fire dragon (Lair:3)
  6 hydras
  A catoblepas (Lair:6)
  An anaconda (Lair:6)
  A two-headed ogre (Orc)
  Erica (D:10)
  3 dancing weapons (Elf:1)
  3 orc high priests (Orc)
  A sun demon (Orc)
  4 deep elf knights
  An infernal demonspawn (Orc)
  2 torturous demonspawn (Orc)
  3 lindwurms
  4 deep elf archers (Elf:1)
  A swamp dragon (Lair:6)
  6 orc knights
  A necromancer (Lair:4)
  2 oklob plants (Lair:1)
  A wolf spider (D:9)
  7 orc sorcerers (Orc)
  An ugly thing (D:9)
  22 deep elf magi
  An ice statue (IceCv)
  5 elephants (Lair:4)
  5 black mambas
  2 orange demons (Orc)
  13 cane toads
  8 komodo dragons
  2 rime drakes (Lair:6)
  A centaur skeleton (D:10)
  2 freezing wraiths (Elf:2)
  A red devil (Orc)
  A tengu conjurer (D:9)
  A hornet (Lair:2)
  9 polar bears (Lair:6)
  6 trolls
  2 raiju (Lair:6)
  3 slime creatures (D:10)
  10 hippogriffs
  9 blink frogs (Lair:3)
  5 dream sheep
  Sigmund (D:5)
  A dire elephant simulacrum (IceCv)
  An air elemental (Elf:1)
  3 wyverns
  34 yaks
  6 basilisks
  A water elemental (Orc)
  A golden eye (shapeshifter) (Elf:1)
  A yak (shapeshifter) (Elf:1)
  2 hogs (Lair:6)
  A neqoxec (Orc)
  2 hungry ghosts
  3 steam dragons
  A swamp worm (Lair:2)
  A harpy simulacrum (IceCv)
  8 wargs
  3 nagas (Lair:2)
  2 hydra simulacra (IceCv)
  3 acid dragons
  19 water moccasins
  13 hell hounds (Lair:6)
  11 porcupines
  An ice beast (D:5)
  An alligator simulacrum (IceCv)
  12 black bears
  A swamp drake (Lair:6)
  2 phantoms (D:6)
  3 sky beasts
  2 eyes of draining
  5 boggarts (D:9)
  6 ogres
  28 orc warriors
  An elephant zombie (Lair:4)
  A necrophage (D:6)
  38 wolves
  7 centaurs
  8 bullfrogs
  18 crocodiles
  Blork the orc (D:6)
  A komodo dragon zombie (Lair:4)
  A wyvern zombie (D:10)
  2 earth elementals
  2 scorpions
  10 wights
  4 electric eels
  6 howler monkeys
  3 crimson imps
  2 centaur zombies
  A quasit (D:7)
  A basilisk zombie (Lair:4)
  A bullfrog skeleton (D:5)
  2 jellies
  3 hounds
  20 orc priests
  Jessica (D:1)
  Terence (D:3)
  3 iguanas
  Ijyb (D:3)
  8 orc wizards
  6 worker ants
  A killer bee zombie (D:7)
  A polar bear simulacrum (IceCv)
  A troll simulacrum (IceCv)
  A centaur simulacrum (IceCv)
  A hound zombie (D:4)
  A hound skeleton (D:4)
  Robin (D:3)
  A worker ant zombie (D:6)
  13 adders
  A naga simulacrum (IceCv)
  A white imp (IceCv)
  3 ufetubi (IceCv)
  3 worms
  A dart slug (D:2)
  5 leopard geckos
  62 orcs
  A giant cockroach (D:2)
  11 goblins
  13 hobgoblins
  19 jackals
  7 kobolds
  4 quokkas
  11 bats
  2 frilled lizards (D:2)
  A quokka skeleton (D:3)
  5 rats
  A spectral orc (D:7)
  A butterfly (Lair:4)
  2 plants
672 creatures vanquished.

Vanquished Creatures (collateral kills)
  A fire dragon (Lair:6)
  An oklob plant (Lair:1)
  A komodo dragon (Lair:6)
  A yak (Lair:1)
  An acid dragon (Lair:6)
5 creatures vanquished.

Vanquished Creatures (others)
  An orc high priest (Orc)
  A dancing weapon (Elf:1)
  A steam dragon (Lair:6)
  A yak (Lair:1)
  4 white imps (IceCv)
  6 ufetubi (IceCv)
  A fungus (Lair:6)
  15 plants
30 creatures vanquished.

Grand Total: 707 creatures vanquished

Notes
Turn   | Place    | Note
-------+----------+-------------------------------------------
     0 | D:1      | cunnyseurTrue the Kobold Hunter began the quest for the
                  | Orb.
     0 | D:1      | Reached XP level 1. HP: 14/14 MP: 1/1
    62 | D:1      | Reached skill level 5 in Slings
    62 | D:1      | Reached XP level 2. HP: 20/20 MP: 2/2
   238 | D:1      | Reached XP level 3. HP: 25/25 MP: 3/3
   665 | D:2      | Noticed Jessica
   708 | D:1      | Killed Jessica
   708 | D:1      | Reached XP level 4. HP: 31/31 MP: 4/4
   883 | D:2      | Reached XP level 5. HP: 36/36 MP: 5/5
  1321 | D:3      | Noticed Terence
  1346 | D:3      | Killed Terence
  1414 | D:3      | Noticed a sky beast
  1416 | D:3      | Noticed Robin
  1502 | D:2      | Killed a sky beast
  1502 | D:2      | Reached XP level 6. HP: 39/43 MP: 6/6
  1535 | D:3      | Killed Robin
  1692 | D:3      | Noticed Ijyb
  1731 | D:3      | Killed Ijyb
  2062 | D:4      | Noticed an ogre
  2600 | D:4      | Reached XP level 7. HP: 48/48 MP: 7/7
  3069 | D:4      | Reached skill level 5 in Stealth
  3209 | D:5      | Entered Level 5 of the Dungeon
  3209 | D:5      | Found an ancient bone altar of Kikubaaqudgha.
  3209 | D:5      | Found a sacrificial altar of Ru.
  3209 | D:5      | Found a radiant altar of Vehumet.
  3210 | D:5      | Found an iron altar of Okawaru.
  3218 | D:5      | Became a worshipper of Warmaster Okawaru
  3384 | D:5      | Reached XP level 8. HP: 37/54 MP: 8/8
  3739 | D:5      | Noticed Sigmund
  3827 | D:5      | Killed Sigmund
  3827 | D:5      | Reached skill level 1 in Invocations
  3998 | D:5      | Reached skill level 5 in Fighting
  4146 | D:5      | Reached skill level 10 in Slings
  4171 | D:5      | Reached * piety under Okawaru
  4803 | D:6      | Found a staircase to the Ecumenical Temple.
  4819 | D:6      | Reached XP level 9. HP: 57/61 MP: 11/11
  4887 | D:6      | Noticed Blork the orc
  4897 | D:6      | Killed Blork the orc
  5109 | D:6      | Found a shimmering altar of Xom.
  5154 | D:6      | Reached ** piety under Okawaru
  5636 | D:7      | Noticed a hippogriff
  5652 | D:7      | Killed a hippogriff
  5814 | D:7      | Noticed a troll
  6440 | D:7      | Killed a troll
  6642 | D:7      | Noticed a troll
  6656 | D:7      | Killed a troll
  6656 | D:7      | Reached XP level 10. HP: 56/69 MP: 11/13
  6884 | D:7      | Reached skill level 5 in Invocations
  6973 | D:7      | Found a basalt altar of Yredelemnul.
  7015 | D:7      | Reached *** piety under Okawaru
  7266 | D:8      | Reached skill level 1 in Evocations
  7399 | D:7      | Reached skill level 1 in Armour
  7667 | D:8      | Noticed a death yak
  8346 | D:8      | Reached **** piety under Okawaru
  8428 | D:8      | Reached skill level 1 in Short Blades
  8520 | D:8      | Reached skill level 5 in Dodging
  8561 | D:8      | Found a staircase to the Lair.
  8667 | D:9      | Found a shadowy altar of Dithmenos.
  8688 | D:9      | Reached skill level 2 in Short Blades
  8978 | D:9      | Reached XP level 11. HP: 70/77 MP: 14/14
  9029 | D:9      | Noticed a seven-headed hydra
  9099 | D:9      | Found Wonekoh's Antique Weapon Shop.
  9164 | D:9      | Received a gift from Okawaru
  9227 | D:8      | Reached skill level 3 in Short Blades
  9369 | D:9      | Noticed a red ugly thing
  9385 | D:9      | Killed a red ugly thing
  9385 | D:9      | Reached skill level 4 in Short Blades
  9385 | D:9      | Reached skill level 5 in Evocations
  9777 | D:9      | Noticed a wolf spider
  9818 | D:9      | Found a glowing silver altar of Zin.
 10046 | Lair:1   | Entered Level 1 of the Lair of Beasts
 10072 | Lair:1   | Reached skill level 5 in Short Blades
 10177 | Lair:1   | Reached ***** piety under Okawaru
 10177 | Lair:1   | Received a gift from Okawaru
 10214 | Lair:1   | Received a gift from Okawaru
 10281 | Lair:1   | Reached skill level 6 in Short Blades
 10368 | Lair:1   | Noticed an oklob plant
 10368 | Lair:1   | Noticed an oklob plant
 10579 | Lair:1   | Killed an oklob plant
 10580 | Lair:1   | Noticed an oklob plant
 10593 | Lair:1   | Killed an oklob plant
 10798 | Lair:1   | Killed an oklob plant
 10798 | Lair:1   | Reached skill level 7 in Short Blades
 11071 | Lair:1   | Found a transporter.
 11098 | Lair:1   | Reached XP level 12. HP: 82/82 MP: 17/17
 11120 | Lair:1   | Reached skill level 8 in Short Blades
 11185 | Lair:1   | Reached skill level 9 in Short Blades
 11265 | Lair:1   | Found a transporter.
 11455 | Lair:1   | Received a gift from Okawaru
 11455 | Lair:1   | Reached skill level 10 in Short Blades
 11458 | Lair:1   | Got an iridescent rapier {god gift}
 11461 | Lair:1   | Identified the +5 rapier of Gluttony {drain, rPois MR+
                  | Int+2} (Okawaru gifted it to you on level 1 of the Lair of
                  | Beasts)
 11763 | Lair:1   | Reached skill level 11 in Short Blades
 12101 | Lair:2   | Received a gift from Okawaru
 12615 | Lair:2   | Found a staircase to the Swamp.
 12624 | Lair:2   | Received a gift from Okawaru
 12627 | Lair:2   | Got a smoking hat {god gift}
 12639 | Lair:2   | Identified the +2 hat of the Desert {rElec rPois rF+++}
                  | (Okawaru gifted it to you on level 2 of the Lair of Beasts)
 12819 | Lair:2   | Found a staircase to the Snake Pit.
 13162 | Lair:2   | Reached skill level 5 in Shields
 13232 | Lair:3   | Reached XP level 13. HP: 90/90 MP: 19/19
 13344 | Lair:3   | Reached ****** piety under Okawaru
 14220 | Lair:3   | Reached skill level 10 in Dodging
 14483 | Lair:3   | Noticed a fire dragon
 14504 | Lair:3   | Killed a fire dragon
 15017 | Lair:4   | Reached skill level 12 in Short Blades
 15078 | Lair:4   | Reached skill level 10 in Fighting
 15088 | Lair:4   | Received a gift from Okawaru
 15802 | Lair:5   | Received a gift from Okawaru
 16031 | Lair:5   | Noticed a seven-headed hydra
 16047 | Lair:5   | Killed a seven-headed hydra
 16047 | Lair:5   | Received a gift from Okawaru
 16047 | Lair:5   | Reached XP level 14. HP: 74/99 MP: 20/20
 16056 | Lair:5   | Identified a +1 pair of boots of running (Okawaru gifted it
                  | to you on level 5 of the Lair of Beasts)
 16230 | Lair:5   | Found a staircase to the Slime Pits.
 16236 | Lair:5   | Found a viscous altar of Jiyva.
 16653 | Lair:5   | Reached skill level 13 in Short Blades
 17040 | Lair:6   | Entered Level 6 of the Lair of Beasts
 17337 | Lair:6   | Got a bloodstained cloak
 17809 | Lair:6   | Reached skill level 14 in Short Blades
 18040 | Lair:6   | Received a gift from Okawaru
 18410 | Lair:6   | Received a gift from Okawaru
 18688 | Lair:6   | Noticed Kirke
 18704 | Lair:6   | Killed Kirke
 18704 | Lair:6   | Received a gift from Okawaru
 18704 | Lair:6   | Reached skill level 5 in Armour
 18968 | Lair:6   | Received a gift from Okawaru
 18968 | Lair:6   | Reached XP level 15. HP: 102/108 MP: 21/21
 18970 | Lair:6   | Got a heavily jewelled robe {god gift}
 19332 | Lair:1   | Identified the +0 cloak of the Greedy {rF+ rCorr Int+2}
                  | (You found it on level 6 of the Lair of Beasts)
 19428 | D:10     | Entered Level 10 of the Dungeon
 19978 | D:10     | Noticed Erica
 19988 | D:10     | Killed Erica
 20198 | D:10     | Found a runed door.
 20560 | D:10     | Found a staircase to the Orcish Mines.
 21099 | D:10     | Found a roughly hewn altar of Beogh.
 21167 | Orc      | Entered the Orcish Mines
 21198 | Orc      | Found a staircase to the Elven Halls.
 21898 | Orc      | Found Neshrebas's Food Boutique.
 21914 | Orc      | Found Tueklaops's Magic Scroll Shop.
 22008 | Orc      | Reached skill level 10 in Evocations
 22058 | Orc      | Bought a scroll of enchant armour for 112 gold pieces
 22167 | Orc      | Noticed Nessos
 22212 | Orc      | Killed Nessos
 22436 | Orc      | Found Jorig's Magic Scroll Shop.
 22449 | Orc      | Bought a scroll of blinking for 90 gold pieces
 22449 | Orc      | Bought a scroll of enchant armour for 90 gold pieces
 23148 | Orc      | Received a gift from Okawaru
 23296 | Orc      | Received a gift from Okawaru
 24072 | Orc      | Found Umnaub's Book Shoppe.
 24072 | Orc      | Found a one-way gate leading to the halls of Pandemonium.
 24072 | Orc      | Found Guukh's Antique Weapon Emporium.
 24197 | Orc      | Received a gift from Okawaru
 24215 | Elf:1    | Entered Level 1 of the Elven Halls
 25003 | Orc      | Reached XP level 16. HP: 64/114 MP: 21/24
 25285 | Elf:1    | Received a gift from Okawaru
 25517 | Elf:1    | Reached skill level 10 in Invocations
 25529 | Elf:1    | Identified the Papyrus of Battle Magic and Companions
 25949 | Elf:1    | Reached skill level 10 in Stealth
 26366 | Elf:1    | Noticed a deep elf sorcerer
 26390 | Elf:1    | Killed a deep elf sorcerer
 26673 | Elf:2    | Found a frozen archway.
 26718 | IceCv    | Entered an ice cave
 28953 | IceCv    | HP: 5/114 [something (17)]
 28955 | IceCv    | Engulfed by a cloud of freezing vapour

Skill      XL: |  1  2  3  4  5  6  7  8  9 10 11 12 13 14 15 16 |
---------------+-------------------------------------------------+-----
Slings         | 5 6 7 9 10 11 12 | 12.0
Stealth        | 2 3 5 7 8 11 | 11.6
Dodging        | 3 5 8 9 10 12 | 12.2
Fighting       | 3 4 5 6 8 9 10 12 | 12.0
Invocations    | 2 4 5 6 9 10 | 10.0
Evocations     | 4 7 8 9 11 12 | 12.0
Armour         | 3 4 5 8 |  8.0
Short Blades   | 2 7 11 12 14 | 14.0
Shields        | 5 9 |  9.3

Action                   |  1- 3 |  4- 6 |  7- 9 | 10-12 | 13-15 | 16-18 || total
-------------------------+-------+-------+-------+-------+-------+-------++-------
Melee: Dagger            |       |     6 |    19 |   314 |       |       ||   339
       Unarmed           |       |     5 |       |       |       |       ||     5
       Kick              |       |     3 |     7 |   192 |   150 |       ||   352
       Short sword       |       |       |    12 |       |       |       ||    12
       Punch             |       |       |       |     4 |       |       ||     4
       Rapier            |       |       |       |   194 |  1594 |   305 ||  2093
       Hunting sling     |       |       |       |       |     1 |       ||     1
 Fire: Hunting sling     |    78 |   260 |   433 |   674 |   651 |   149 ||  2245
Throw: Throwing net      |       |       |     1 |       |       |       ||     1
       Stone             |       |       |       |       |     3 |       ||     3
Invok: Heroism           |       |       |     4 |    12 |     8 |     3 ||    27
Evoke: Phial of floods   |       |       |       |     1 |     2 |       ||     3
       Wand              |       |       |       |     6 |     5 |     2 ||    13
  Use: Scroll            |       |       |     9 |     1 |    13 |     1 ||    24
       Potion            |       |       |     1 |       |     2 |     3 ||     6
 Stab: Sleeping          |       |       |       |     3 |     4 |     3 ||    10
       Distracted        |       |       |       |       |     2 |     1 ||     3
       Paralysed         |       |       |       |       |     1 |       ||     1
  Eat: Chunk             |       |     3 |     9 |    22 |    31 |     6 ||    71
       Ration            |       |     1 |     1 |       |     2 |     3 ||     7
Armor: Leather armour    |    19 |    10 |       |       |       |       ||    29
       Ring mail         |       |    19 |    28 |       |       |       ||    47
       Skin              |       |    10 |       |       |       |       ||    10
       Troll leather arm |       |       |       |    87 |     8 |       ||    95
       Pearl dragon scal |       |       |       |       |   298 |    65 ||   363
Dodge: Dodged            |    39 |    71 |    90 |   469 |   735 |   124 ||  1528
Block: Shield            |       |       |       |    26 |   694 |   109 ||   829
